%YAML 1.1
%TAG !u! tag:unity3d.com,2011:
--- !u!1 &5620125880356661264
GameObject:
  m_ObjectHideFlags: 0
  m_CorrespondingSourceObject: {fileID: 0}
  m_PrefabInstance: {fileID: 0}
  m_PrefabAsset: {fileID: 0}
  serializedVersion: 6
  m_Component:
  - component: {fileID: 5095086420353299114}
  - component: {fileID: 8150030503791836431}
  - component: {fileID: 6268534344009959877}
  - component: {fileID: 1242074170185917244}
  - component: {fileID: 5974114111892788338}
  - component: {fileID: 6111590048197797812}
  m_Layer: 17
  m_Name: RifleTurret
  m_TagString: RifleTurret
  m_Icon: {fileID: 0}
  m_NavMeshLayer: 0
  m_StaticEditorFlags: 0
  m_IsActive: 1
--- !u!4 &5095086420353299114
Transform:
  m_ObjectHideFlags: 0
  m_CorrespondingSourceObject: {fileID: 0}
  m_PrefabInstance: {fileID: 0}
  m_PrefabAsset: {fileID: 0}
  m_GameObject: {fileID: 5620125880356661264}
  m_LocalRotation: {x: 0, y: 0, z: 0, w: 1}
  m_LocalPosition: {x: -0, y: 0, z: 0}
  m_LocalScale: {x: 3.5, y: 3.5, z: 3.5}
  m_ConstrainProportionsScale: 0
  m_Children:
  - {fileID: 6341482034148865690}
  - {fileID: 6331257847073398289}
  - {fileID: 4785419943438322418}
  - {fileID: 5219190924965499356}
  m_Father: {fileID: 0}
  m_RootOrder: 0
  m_LocalEulerAnglesHint: {x: 0, y: 0, z: 0}
--- !u!33 &8150030503791836431
MeshFilter:
  m_ObjectHideFlags: 0
  m_CorrespondingSourceObject: {fileID: 0}
  m_PrefabInstance: {fileID: 0}
  m_PrefabAsset: {fileID: 0}
  m_GameObject: {fileID: 5620125880356661264}
  m_Mesh: {fileID: 1958106858659839339, guid: ecaf26a4469749044b8d157231512163, type: 3}
--- !u!23 &6268534344009959877
MeshRenderer:
  m_ObjectHideFlags: 0
  m_CorrespondingSourceObject: {fileID: 0}
  m_PrefabInstance: {fileID: 0}
  m_PrefabAsset: {fileID: 0}
  m_GameObject: {fileID: 5620125880356661264}
  m_Enabled: 1
  m_CastShadows: 1
  m_ReceiveShadows: 1
  m_DynamicOccludee: 1
  m_StaticShadowCaster: 0
  m_MotionVectors: 1
  m_LightProbeUsage: 1
  m_ReflectionProbeUsage: 1
  m_RayTracingMode: 2
  m_RayTraceProcedural: 0
  m_RenderingLayerMask: 1
  m_RendererPriority: 0
  m_Materials:
  - {fileID: 7555185752953191562, guid: ecaf26a4469749044b8d157231512163, type: 3}
  - {fileID: 7211448773848044386, guid: ecaf26a4469749044b8d157231512163, type: 3}
  - {fileID: -4231637370832951941, guid: ecaf26a4469749044b8d157231512163, type: 3}
  m_StaticBatchInfo:
    firstSubMesh: 0
    subMeshCount: 0
  m_StaticBatchRoot: {fileID: 0}
  m_ProbeAnchor: {fileID: 0}
  m_LightProbeVolumeOverride: {fileID: 0}
  m_ScaleInLightmap: 1
  m_ReceiveGI: 1
  m_PreserveUVs: 0
  m_IgnoreNormalsForChartDetection: 0
  m_ImportantGI: 0
  m_StitchLightmapSeams: 1
  m_SelectedEditorRenderState: 3
  m_MinimumChartSize: 4
  m_AutoUVMaxDistance: 0.5
  m_AutoUVMaxAngle: 89
  m_LightmapParameters: {fileID: 0}
  m_SortingLayerID: 0
  m_SortingLayer: 0
  m_SortingOrder: 0
  m_AdditionalVertexStreams: {fileID: 0}
--- !u!65 &1242074170185917244
BoxCollider:
  m_ObjectHideFlags: 0
  m_CorrespondingSourceObject: {fileID: 0}
  m_PrefabInstance: {fileID: 0}
  m_PrefabAsset: {fileID: 0}
  m_GameObject: {fileID: 5620125880356661264}
  m_Material: {fileID: 0}
  m_IsTrigger: 0
  m_Enabled: 1
  serializedVersion: 2
  m_Size: {x: 0.22992358, y: 0.20999996, z: 0.3099999}
  m_Center: {x: 0, y: 0.10499998, z: 0.024999997}
--- !u!114 &5974114111892788338
MonoBehaviour:
  m_ObjectHideFlags: 0
  m_CorrespondingSourceObject: {fileID: 0}
  m_PrefabInstance: {fileID: 0}
  m_PrefabAsset: {fileID: 0}
  m_GameObject: {fileID: 5620125880356661264}
  m_Enabled: 1
  m_EditorHideFlags: 0
  m_Script: {fileID: 11500000, guid: 5725470312004024f86f885a3b12bafb, type: 3}
  m_Name: 
  m_EditorClassIdentifier: 
  damage: 20
  range: 5
  fireRate: 0.5
  shootCountDown: 0
  target: {fileID: 0}
  partToRotate: {fileID: 5095086420353299114}
  firstSupport:
    serializedVersion: 2
    m_Bits: 2048
  secondSupport:
    serializedVersion: 2
    m_Bits: 262144
  thirdSupport:
    serializedVersion: 2
    m_Bits: 524288
  colliderUpRangeMask:
    serializedVersion: 2
    m_Bits: 16777216
  colliderUpDamageMask:
    serializedVersion: 2
    m_Bits: 134217728
  colliderUpFireRateMask:
    serializedVersion: 2
    m_Bits: 268435456
  collidersRange: []
  collidersDamage: []
  collidersFireRate: []
  bullet: {fileID: 8019338561503786519, guid: 00b9e2886cca7004aa727974c1ced325, type: 3}
  leftMuzzle: {fileID: 4785419943438322418}
  rightMuzzle: {fileID: 6331257847073398289}
  leftMuzzleOn: 1
  rightMuzzleOn: 0
--- !u!54 &6111590048197797812
Rigidbody:
  m_ObjectHideFlags: 0
  m_CorrespondingSourceObject: {fileID: 0}
  m_PrefabInstance: {fileID: 0}
  m_PrefabAsset: {fileID: 0}
  m_GameObject: {fileID: 5620125880356661264}
  serializedVersion: 2
  m_Mass: 1
  m_Drag: 0
  m_AngularDrag: 0.05
  m_UseGravity: 0
  m_IsKinematic: 0
  m_Interpolate: 0
  m_Constraints: 126
  m_CollisionDetection: 0
--- !u!1 &8167434434865310579
GameObject:
  m_ObjectHideFlags: 0
  m_CorrespondingSourceObject: {fileID: 0}
  m_PrefabInstance: {fileID: 0}
  m_PrefabAsset: {fileID: 0}
  serializedVersion: 6
  m_Component:
  - component: {fileID: 5219190924965499356}
  - component: {fileID: 6432398785570623389}
  m_Layer: 25
  m_Name: ColliderDetect
  m_TagString: RifleTurret
  m_Icon: {fileID: 0}
  m_NavMeshLayer: 0
  m_StaticEditorFlags: 0
  m_IsActive: 1
--- !u!4 &5219190924965499356
Transform:
  m_ObjectHideFlags: 0
  m_CorrespondingSourceObject: {fileID: 0}
  m_PrefabInstance: {fileID: 0}
  m_PrefabAsset: {fileID: 0}
  m_GameObject: {fileID: 8167434434865310579}
  m_LocalRotation: {x: 0, y: 0, z: 0, w: 1}
  m_LocalPosition: {x: 0, y: 0, z: 0}
  m_LocalScale: {x: 1, y: 1, z: 1}
  m_ConstrainProportionsScale: 0
  m_Children: []
  m_Father: {fileID: 5095086420353299114}
  m_RootOrder: 3
  m_LocalEulerAnglesHint: {x: 0, y: 0, z: 0}
--- !u!65 &6432398785570623389
BoxCollider:
  m_ObjectHideFlags: 0
  m_CorrespondingSourceObject: {fileID: 0}
  m_PrefabInstance: {fileID: 0}
  m_PrefabAsset: {fileID: 0}
  m_GameObject: {fileID: 8167434434865310579}
  m_Material: {fileID: 0}
  m_IsTrigger: 0
  m_Enabled: 1
  serializedVersion: 2
  m_Size: {x: 1, y: 1, z: 1}
  m_Center: {x: 0, y: 0, z: 0}
--- !u!1 &9137349109581338210
GameObject:
  m_ObjectHideFlags: 0
  m_CorrespondingSourceObject: {fileID: 0}
  m_PrefabInstance: {fileID: 0}
  m_PrefabAsset: {fileID: 0}
  serializedVersion: 6
  m_Component:
  - component: {fileID: 6341482034148865690}
  m_Layer: 8
  m_Name: Group
  m_TagString: Untagged
  m_Icon: {fileID: 0}
  m_NavMeshLayer: 0
  m_StaticEditorFlags: 0
  m_IsActive: 1
--- !u!4 &6341482034148865690
Transform:
  m_ObjectHideFlags: 0
  m_CorrespondingSourceObject: {fileID: 0}
  m_PrefabInstance: {fileID: 0}
  m_PrefabAsset: {fileID: 0}
  m_GameObject: {fileID: 9137349109581338210}
  m_LocalRotation: {x: 0, y: -0, z: -0, w: 1}
  m_LocalPosition: {x: -0.24999999, y: 4.8830635e-18, z: -0.24999999}
  m_LocalScale: {x: 0.5, y: 0.5, z: 0.5}
  m_ConstrainProportionsScale: 0
  m_Children: []
  m_Father: {fileID: 5095086420353299114}
  m_RootOrder: 0
  m_LocalEulerAnglesHint: {x: 0, y: 0, z: 0}
--- !u!1001 &4894230981066171946
PrefabInstance:
  m_ObjectHideFlags: 0
  serializedVersion: 2
  m_Modification:
    m_TransformParent: {fileID: 5095086420353299114}
    m_Modifications:
    - target: {fileID: 108921126920334552, guid: e5441dae77d2f5548a2416d565e0a45f, type: 3}
      propertyPath: m_RootOrder
      value: 2
      objectReference: {fileID: 0}
    - target: {fileID: 108921126920334552, guid: e5441dae77d2f5548a2416d565e0a45f, type: 3}
      propertyPath: m_LocalScale.x
      value: 0.28571427
      objectReference: {fileID: 0}
    - target: {fileID: 108921126920334552, guid: e5441dae77d2f5548a2416d565e0a45f, type: 3}
      propertyPath: m_LocalScale.y
      value: 0.28571427
      objectReference: {fileID: 0}
    - target: {fileID: 108921126920334552, guid: e5441dae77d2f5548a2416d565e0a45f, type: 3}
      propertyPath: m_LocalScale.z
      value: 0.28571427
      objectReference: {fileID: 0}
    - target: {fileID: 108921126920334552, guid: e5441dae77d2f5548a2416d565e0a45f, type: 3}
      propertyPath: m_LocalPosition.x
      value: -0.046197888
      objectReference: {fileID: 0}
    - target: {fileID: 108921126920334552, guid: e5441dae77d2f5548a2416d565e0a45f, type: 3}
      propertyPath: m_LocalPosition.y
      value: 0.16191499
      objectReference: {fileID: 0}
    - target: {fileID: 108921126920334552, guid: e5441dae77d2f5548a2416d565e0a45f, type: 3}
      propertyPath: m_LocalPosition.z
      value: 0.18199
      objectReference: {fileID: 0}
    - target: {fileID: 108921126920334552, guid: e5441dae77d2f5548a2416d565e0a45f, type: 3}
      propertyPath: m_LocalRotation.w
      value: 1
      objectReference: {fileID: 0}
    - target: {fileID: 108921126920334552, guid: e5441dae77d2f5548a2416d565e0a45f, type: 3}
      propertyPath: m_LocalRotation.x
      value: -0
      objectReference: {fileID: 0}
    - target: {fileID: 108921126920334552, guid: e5441dae77d2f5548a2416d565e0a45f, type: 3}
      propertyPath: m_LocalRotation.y
      value: -0
      objectReference: {fileID: 0}
    - target: {fileID: 108921126920334552, guid: e5441dae77d2f5548a2416d565e0a45f, type: 3}
      propertyPath: m_LocalRotation.z
      value: -0
      objectReference: {fileID: 0}
    - target: {fileID: 108921126920334552, guid: e5441dae77d2f5548a2416d565e0a45f, type: 3}
      propertyPath: m_LocalEulerAnglesHint.x
      value: 0
      objectReference: {fileID: 0}
    - target: {fileID: 108921126920334552, guid: e5441dae77d2f5548a2416d565e0a45f, type: 3}
      propertyPath: m_LocalEulerAnglesHint.y
      value: 0
      objectReference: {fileID: 0}
    - target: {fileID: 108921126920334552, guid: e5441dae77d2f5548a2416d565e0a45f, type: 3}
      propertyPath: m_LocalEulerAnglesHint.z
      value: 0
      objectReference: {fileID: 0}
    - target: {fileID: 6001766755846085122, guid: e5441dae77d2f5548a2416d565e0a45f, type: 3}
      propertyPath: m_Name
      value: 'LeftMuzzle '
      objectReference: {fileID: 0}
    m_RemovedComponents: []
  m_SourcePrefab: {fileID: 100100000, guid: e5441dae77d2f5548a2416d565e0a45f, type: 3}
--- !u!4 &4785419943438322418 stripped
Transform:
  m_CorrespondingSourceObject: {fileID: 108921126920334552, guid: e5441dae77d2f5548a2416d565e0a45f, type: 3}
  m_PrefabInstance: {fileID: 4894230981066171946}
  m_PrefabAsset: {fileID: 0}
--- !u!1001 &6223924415565525705
PrefabInstance:
  m_ObjectHideFlags: 0
  serializedVersion: 2
  m_Modification:
    m_TransformParent: {fileID: 5095086420353299114}
    m_Modifications:
    - target: {fileID: 108921126920334552, guid: e5441dae77d2f5548a2416d565e0a45f, type: 3}
      propertyPath: m_RootOrder
      value: 1
      objectReference: {fileID: 0}
    - target: {fileID: 108921126920334552, guid: e5441dae77d2f5548a2416d565e0a45f, type: 3}
      propertyPath: m_LocalScale.x
      value: 0.28571427
      objectReference: {fileID: 0}
    - target: {fileID: 108921126920334552, guid: e5441dae77d2f5548a2416d565e0a45f, type: 3}
      propertyPath: m_LocalScale.y
      value: 0.28571427
      objectReference: {fileID: 0}
    - target: {fileID: 108921126920334552, guid: e5441dae77d2f5548a2416d565e0a45f, type: 3}
      propertyPath: m_LocalScale.z
      value: 0.28571427
      objectReference: {fileID: 0}
    - target: {fileID: 108921126920334552, guid: e5441dae77d2f5548a2416d565e0a45f, type: 3}
      propertyPath: m_LocalPosition.x
      value: 0.04494476
      objectReference: {fileID: 0}
    - target: {fileID: 108921126920334552, guid: e5441dae77d2f5548a2416d565e0a45f, type: 3}
      propertyPath: m_LocalPosition.y
      value: 0.16191499
      objectReference: {fileID: 0}
    - target: {fileID: 108921126920334552, guid: e5441dae77d2f5548a2416d565e0a45f, type: 3}
      propertyPath: m_LocalPosition.z
      value: 0.18199
      objectReference: {fileID: 0}
    - target: {fileID: 108921126920334552, guid: e5441dae77d2f5548a2416d565e0a45f, type: 3}
      propertyPath: m_LocalRotation.w
      value: 1
      objectReference: {fileID: 0}
    - target: {fileID: 108921126920334552, guid: e5441dae77d2f5548a2416d565e0a45f, type: 3}
      propertyPath: m_LocalRotation.x
      value: -0
      objectReference: {fileID: 0}
    - target: {fileID: 108921126920334552, guid: e5441dae77d2f5548a2416d565e0a45f, type: 3}
      propertyPath: m_LocalRotation.y
      value: -0
      objectReference: {fileID: 0}
    - target: {fileID: 108921126920334552, guid: e5441dae77d2f5548a2416d565e0a45f, type: 3}
      propertyPath: m_LocalRotation.z
      value: -0
      objectReference: {fileID: 0}
    - target: {fileID: 108921126920334552, guid: e5441dae77d2f5548a2416d565e0a45f, type: 3}
      propertyPath: m_LocalEulerAnglesHint.x
      value: 0
      objectReference: {fileID: 0}
    - target: {fileID: 108921126920334552, guid: e5441dae77d2f5548a2416d565e0a45f, type: 3}
      propertyPath: m_LocalEulerAnglesHint.y
      value: 0
      objectReference: {fileID: 0}
    - target: {fileID: 108921126920334552, guid: e5441dae77d2f5548a2416d565e0a45f, type: 3}
      propertyPath: m_LocalEulerAnglesHint.z
      value: 0
      objectReference: {fileID: 0}
    - target: {fileID: 6001766755846085122, guid: e5441dae77d2f5548a2416d565e0a45f, type: 3}
      propertyPath: m_Name
      value: RightMuzzle
      objectReference: {fileID: 0}
    m_RemovedComponents: []
  m_SourcePrefab: {fileID: 100100000, guid: e5441dae77d2f5548a2416d565e0a45f, type: 3}
--- !u!4 &6331257847073398289 stripped
Transform:
  m_CorrespondingSourceObject: {fileID: 108921126920334552, guid: e5441dae77d2f5548a2416d565e0a45f, type: 3}
  m_PrefabInstance: {fileID: 6223924415565525705}
  m_PrefabAsset: {fileID: 0}
